Map: Imperio eterno EE

Players

MrFercho - Winner!

  • Race: Zerg Zerg
  • League: Silver
  • Spawn Location: 7:00

Gorge

  • Race: Protoss Protoss
  • Spawn Location: 1:00

VOD

Have the link to the VOD?

Description

Time

  • Played on: June 21, 2020, 10:35 p.m.
  • Length: 16:36
Show
View Real Time Build Order
Export as new Build Order

MrFercho Zerg - Winner!

Build Orders: Hatch First 

Get SALT Encoding   

  12  0:03  Drone  
  13  0:14  Overlord  
  14  0:21  Drone  
  14  0:33  Drone x2  
  16  0:52  Hatchery  
  16  0:55  Drone  
  16  1:10  Spawning Pool  
  15  1:11  Drone  
  15  1:14  Drone  
  17  1:19  Drone  
  17  1:22  Drone  
  19  1:26  Extractor  
  18  1:33  Drone  
  19  1:46  Drone  
  20  1:56  Drone  
  21  2:03  Queen  
  21  2:04  Queen  
  21  2:05  Overlord x2  
  25  2:15  Drone  
  26  2:24  Drone  
  26  2:26  Drone  
  28  2:30  Drone  
  28  2:36  Drone  
  30  2:37  Drone  
  30  2:43  Lair  
  31  2:48  Drone  
  31  2:49  Drone  
  33  2:59  Overlord x2  
  33  3:10  Drone x2  
  35  3:14  Drone x3  
  38  3:22  Drone x2  
  38  3:23  Drone x2  
  38  3:25  Drone  
  43  3:34  Drone  
  43  3:39  Drone  
  45  3:43  Extractor  
  45  3:45  Extractor  
  43  4:14  Overlord  
  43  4:15  Overlord x4  
  43  4:18  Drone  
  44  4:32  Queen  
  44  4:35  Hydralisk Den  
  44  4:36  Drone x6  
  51  4:45  Evolution Chamber  
  51  4:49  Drone x4  
  51  4:50  Roach Warren  
  53  4:56  Drone x2  
  55  5:04  Zergling x6  
  55  5:06  Hatchery  
  57  5:11  Muscular Augments  
  57  5:30  Evolution Chamber  
  57  5:31  Zergling x16  
  64  5:54  Roach x5  
  64  5:55  Roach  
  76  5:57  Zerg Ground Armor Level 1, Zerg Missile Weapons Level 1  
  76  6:11  Drone x5  
  81  6:16  Drone x2  
  83  6:20  Queen, Drone  
  83  6:23  Grooved Spines  
  86  6:29  Overlord x3  
  87  6:40  Drone x2  
  87  6:41  Drone  
  87  6:42  Hatchery  
  87  6:43  Hatchery  
  87  6:55  Hydralisk x3  
  93  7:18  Spine Crawler  
  92  7:24  Roach x5  
  89  8:05  Roach x8  
  91  8:06  Roach x9  
  109  8:13  Zerg Missile Weapons Level 2, Zerg Ground Armor Level 2  
  108  8:23  Infestation Pit  
  103  8:31  Extractor  
  96  8:42  Drone  
  96  8:43  Drone x8  
  83  9:03  Hydralisk x3, Hive  
  83  9:04  Hydralisk x6  
  86  9:19  Roach x2  
  86  9:20  Roach x6  
  76  10:02  Drone x9  
  76  10:03  Drone x9  
  94  10:39  Zerg Missile Weapons Level 3, Zerg Ground Armor Level 3  
  94  10:48  Extractor  
  92  11:06  Queen  
  92  11:10  Drone x13  
  92  11:11  Drone x3  
  110  11:27  Overlord  
  110  11:28  Overlord x6  
  110  11:29  Hatchery  
  109  11:41  Extractor, Hatchery  
  109  11:44  Spire  
  106  11:49  Lurker Den  
  106  11:51  Overseer  
  105  11:59  Spine Crawler  
  104  12:02  Spine Crawler, Spore Crawler  
  102  12:10  Spore Crawler  
  101  12:20  Spine Crawler  
  100  12:23  Hydralisk  
  100  12:24  Hydralisk x16  
  134  12:40  Drone x2  
  137  12:44  Drone x3  
  137  12:48  Extractor x2  
  137  13:00  Seismic Spines  
  137  13:05  Lurker  
  138  13:21  Drone x9  
  138  13:22  Drone x3  
  138  13:23  Drone x2  
  152  13:57  Adaptive Talons  
  152  14:08  Overlord x5  
  152  14:09  Overlord  
  152  14:10  Hydralisk x11  
  152  14:11  Hydralisk x2  
  178  14:26  Mutalisk x9  
  178  14:30  Drone x3  
  194  15:20  Hydralisk x3  
  194  15:21  Hydralisk  
  156  16:19  Hatchery  
Show
View Real Time Build Order
Export as new Build Order

Gorge Protoss 

Build Orders:  

Get SALT Encoding   

  1  0:00  Probe  
  13  0:16  Probe  
  13  0:17  Pylon  
  14  0:28  Probe  
  15  0:37  Gateway  
  15  0:41  Probe  
  16  0:53  Probe  
  16  0:57  Gateway  
  17  1:05  Probe  
  17  1:08  Assimilator  
  18  1:26  Zealot, Cybernetics Core  
  20  1:50  Nexus  
  20  2:14  Stalker  
  20  2:19  Pylon  
  22  2:32  Pylon  
  22  2:38  Stalker  
  22  2:43  Probe  
  25  2:44  Assimilator  
  25  2:55  Probe  
  26  3:03  Probe  
  27  3:07  Probe  
  28  3:15  Probe  
  28  3:19  Probe  
  30  3:28  Probe  
  30  3:30  Assimilator  
  31  3:45  Warp Gate  
  31  3:50  Pylon  
  31  3:55  Gateway  
  31  3:56  Probe  
  31  3:57  Twilight Council  
  31  4:01  Probe  
  33  4:08  Probe  
  34  4:13  Probe  
  35  4:18  Forge  
  35  4:20  Probe  
  35  4:24  Blink  
  36  4:25  Probe  
  37  4:31  Pylon  
  37  4:44  Gateway  
  37  5:00  Probe  
  37  5:02  Assimilator  
  38  5:11  Probe  
  39  5:19  Probe  
  39  5:27  Probe  
  40  5:31  Gateway  
  41  5:38  Gateway, Probe  
  41  5:39  Protoss Ground Weapons Level 1  
  42  5:45  Pylon  
  42  5:54  Robotics Facility  
  42  5:56  Stalker  
  44  5:57  Stalker  
  44  5:59  Stalker  
  48  6:06  Pylon  
  48  6:17  Probe  
  49  6:29  Probe  
  49  6:30  Stalker x4  
  49  6:31  Stalker  
  60  6:41  Probe  
  61  6:53  Probe  
  62  7:01  Gateway  
  62  7:06  Probe  
  62  7:08  Observer  
  64  7:18  Stalker x2  
  64  7:19  Stalker x4  
  76  7:29  Observer  
  77  7:51  Observer  
  65  8:14  Stalker x5  
  65  8:15  Stalker  
  73  8:45  Gateway  
  73  8:46  Stalker x2  
  73  8:47  Stalker x3  
  73  8:48  Gateway  
  75  8:50  Gateway  
  67  8:58  Stalker  
  55  9:23  Warp Prism  
  57  9:33  Stalker x3  
  57  9:34  Stalker x3  
  63  9:53  Stalker  
  63  9:54  Stalker x2  
  63  9:59  Warp Prism  
  49  10:16  Stalker x2  
  49  10:17  Stalker x2  
  49  10:18  Stalker x2  
  61  10:39  Nexus  
  61  10:42  Stalker x2  
  65  11:01  Protoss Ground Weapons Level 2  
  65  11:04  Pylon  
  65  11:07  Pylon  
  65  11:09  Gateway  
  65  11:10  Pylon  
  65  11:14  Stalker  
  67  11:23  Shield Battery  
  67  11:26  Pylon  
  67  11:35  Stalker, Shield Battery  
  69  11:42  Stalker  
  69  11:43  Stalker  
  73  11:51  Probe  
  74  12:03  Probe  
  74  12:16  Probe  
  75  12:25  Stalker x3  
  75  12:26  Stalker  
  75  12:28  Probe  
  84  12:40  Probe  
  85  12:46  Probe  
  86  12:52  Probe  
  86  12:56  Stalker x3  
  86  12:57  Stalker  
  86  12:58  Probe  
  96  13:16  Assimilator  
  96  13:21  Assimilator  
  96  13:24  Pylon  
  96  13:27  Photon Cannon  
  96  13:28  Photon Cannon  
  96  13:32  Forge  
  96  13:50  Stalker  
  96  13:51  Stalker x3  
  96  13:52  Stalker x2  
  96  13:53  Stalker x2  
  112  14:18  Gateway  
  112  14:21  Photon Cannon  
  112  14:23  Photon Cannon  
  112  14:33  Gateway  
  112  14:36  Photon Cannon  
  112  14:38  Photon Cannon  
  112  14:40  Pylon  
  103  15:00  Stalker x3  
  103  15:01  Stalker x3  
  103  15:02  Stalker  
  115  15:27  Zealot x2  
  115  15:28  Zealot  
  99  15:29  Zealot  
  99  15:30  Sentry  
  79  15:37  Stalker x2  
  79  15:38  Stalker  
  58  16:01  Stalker x3  
  58  16:02  Stalker x2  
  68  16:15  Stalker  
  68  16:16  Stalker x2  
  56  16:25  Stalker  
Tags
 
League
Silver
Matchup
PvZ
Replay Pack
MrFercho
Spawn Locations
Cross Positions
Add a new tag
Caveats
  • Supply blocks, unpowered buildings, or Contaminate may cause inaccurate times.
  • Supply counts are checked every 10 seconds.